[ AOE2 MATCH · #505551775 ]
UnrankedMongols vs Khitans
Player's team · LOSS
Rival team · WIN
[ REPLAY ANALYSIS · EXTRACTED FROM THE RECORDED GAME ]
Feudal
9:35
Castle
22:09
Imperial
37:56
| APM avg | 29.8 |
| APM peak | 67 |
| eAPM avg | 19.9 |
| Villagers / military | 130 / 149 |
Focus
⚔️ 39.5% · 🌾 60.5%
Spearman ×43 · Skirmisher ×38 · Cavalry Archer ×26 · Mangudai ×24 · Trebuchet (Packed) ×7 · Scout Cavalry ×5
Feudal
10:27
Castle
21:11
Imperial
36:29
| APM avg | 33.0 |
| APM peak | 76 |
| eAPM avg | 14.2 |
| Villagers / military | 122 / 296 |
Focus
⚔️ 31.2% · 🌾 68.8%
Scout Cavalry ×215 · Cavalry Archer ×73 · Monk ×4 · Trebuchet (Packed) ×4
Match map
Initial resources + every placement click. Lines = walls · curves = elevation contours. ◆ gold · ⬟ stone · ● berries · ✦ relic · ◌ wall gap
Your base· ✓ Closed at 22:09 · 5t walls · no gate
The Long Dark's base· ✓ Closed at 21:11 · 51t walls · no gate
Smoothed initial terrain · ◌ = detected wall gap · hover for details
Inputs per minute
— pabloic16 - - The Long Dark
Build order — pabloic16
First 150 of 443 actions detected
| 0:01 | Queue | Villager (Male) |
| 0:01 | Queue | Villager (Male) |
| 0:02 | Queue | Villager (Male) |
| 0:03 | Build | House |
| 0:05 | Build | House |
| 0:33 | Queue | Villager (Male) |
| 0:33 | Queue | Villager (Male) |
| 1:32 | Queue | Villager (Male) |
| 1:33 | Queue | Villager (Male) |
| 1:48 | Build | Lumber Camp |
| 1:49 | Queue | Villager (Male) |
| 1:50 | Queue | Villager (Male) |
| 1:50 | Queue | Villager (Male) |
| 2:09 | Queue | Villager (Male) |
| 2:09 | Queue | Villager (Male) |
| 2:36 | Queue | Villager (Male) |
| 2:36 | Queue | Villager (Male) |
| 3:00 | Queue | Villager (Male) |
| 3:00 | Queue | Villager (Male) |
| 3:00 | Queue | Villager (Male) |
| 3:31 | Queue | Villager (Male) |
| 3:31 | Queue | Villager (Male) |
| 3:31 | Queue | Villager (Male) |
| 3:48 | Build | House |
| 4:09 | Queue | Villager (Male) |
| 4:09 | Queue | Villager (Male) |
| 4:09 | Queue | Villager (Male) |
| 4:20 | Build | Mill |
| 4:25 | Queue | Villager (Male) |
| 4:25 | Queue | Villager (Male) |
| 4:45 | Queue | Villager (Male) |
| 4:46 | Queue | Villager (Male) |
| 4:46 | Queue | Villager (Male) |
| 5:09 | Queue | Villager (Male) |
| 5:56 | Build | House |
| 6:10 | Queue | Villager (Male) |
| 6:11 | Queue | Villager (Male) |
| 6:32 | Research | Loom |
| 6:59 | Research | Feudal Age |
| 7:17 | Build | Barracks |
| 8:03 | Queue | Villager (Male) |
| 8:04 | Queue | Villager (Male) |
| 9:02 | Build | Lumber Camp |
| 9:11 | Build | House |
| 9:12 | Build | Palisade Wall |
| 9:25 | Queue | Villager (Male) |
| 9:35 | Age | Feudal Age |
| 9:38 | Build | Stable |
| 9:40 | Research | Double-Bit Axe |
| 9:50 | Build | Blacksmith |
| 9:57 | Queue | Villager (Male) |
| 10:02 | Build | House |
| 10:15 | Queue | Spearman |
| 10:26 | Research | Town Watch |
| 10:30 | Queue | Scout Cavalry |
| 10:30 | Queue | Scout Cavalry |
| 10:38 | Queue | Spearman |
| 10:48 | Queue | Villager (Male) |
| 11:00 | Build | House |
| 11:02 | Build | House |
| 11:16 | Queue | Villager (Male) |
| 11:23 | Queue | Scout Cavalry |
| 11:37 | Queue | Villager (Male) |
| 12:04 | Build | Market |
| 12:06 | Build | House |
| 12:07 | Queue | Villager (Male) |
| 12:11 | Queue | Scout Cavalry |
| 12:39 | Build | Farm |
| 12:39 | Build | Farm |
| 12:40 | Build | Farm |
| 12:40 | Build | Farm |
| 12:40 | Build | Farm |
| 12:40 | Build | Farm |
| 12:40 | Build | Farm |
| 12:42 | Queue | Villager (Male) |
| 12:55 | Queue | Villager (Male) |
| 12:58 | Build | Farm |
| 13:12 | Queue | Spearman |
| 13:32 | Build | Farm |
| 13:38 | Build | House |
| 13:56 | Build | Farm |
| 13:57 | Build | Farm |
| 14:07 | Queue | Villager (Male) |
| 14:07 | Queue | Villager (Male) |
| 14:16 | Build | Farm |
| 14:20 | Build | Farm |
| 14:20 | Build | Farm |
| 14:20 | Build | Farm |
| 14:20 | Build | Farm |
| 14:44 | Build | Farm |
| 14:55 | Research | Scale Barding Armor |
| 15:10 | Build | Mining Camp |
| 15:13 | Build | Palisade Wall |
| 15:15 | Build | Palisade Wall |
| 15:18 | Queue | Villager (Male) |
| 15:47 | Build | Farm |
| 15:52 | Research | Horse Collar |
| 16:01 | Build | House |
| 16:04 | Queue | Spearman |
| 16:32 | Build | House |
| 16:34 | Queue | Villager (Male) |
| 16:34 | Queue | Villager (Male) |
| 17:06 | Build | Archery Range |
| 17:11 | Queue | Villager (Male) |
| 17:38 | Research | Wheelbarrow |
| 18:24 | Queue | Scout Cavalry |
| 18:46 | Queue | Villager (Male) |
| 19:19 | Research | Castle Age |
| 19:19 | Research | Castle Age |
| 19:28 | Build | Archery Range |
| 19:32 | Build | Stable |
| 19:34 | Build | House |
| 19:38 | Build | Farm |
| 20:09 | Research | Gold Mining |
| 20:11 | Research | Fletching |
| 20:26 | Research | Bloodlines |
| 20:48 | Research | Padded Archer Armor |
| 21:43 | Queue | Villager (Male) |
| 21:43 | Queue | Villager (Male) |
| 22:09 | Age | Castle Age |
| 22:10 | Research | Bow Saw |
| 22:26 | Build | Town Center |
| 22:30 | Build | Mining Camp |
| 22:35 | Research | Elite Skirmisher (upgrade) |
| 22:39 | Research | Bodkin Arrow |
| 22:40 | Research | Leather Archer Armor |
| 22:51 | Queue | Villager (Male) |
| 22:51 | Queue | Villager (Male) |
| 23:26 | Queue | Cavalry Archer |
| 23:26 | Queue | Skirmisher |
| 23:35 | Build | Farm |
| 23:39 | Queue | Villager (Male) |
| 23:39 | Queue | Villager (Male) |
| 23:39 | Queue | Villager (Male) |
| 23:41 | Build | Farm |
| 23:45 | Research | Husbandry |
| 23:53 | Queue | Villager (Male) |
| 23:53 | Queue | Villager (Male) |
| 23:53 | Queue | Villager (Male) |
| 24:27 | Queue | Skirmisher |
| 24:27 | Queue | Skirmisher |
| 24:38 | Queue | Skirmisher |
| 24:38 | Queue | Skirmisher |
| 24:44 | Queue | Villager (Male) |
| 24:44 | Queue | Villager (Male) |
| 25:04 | Build | Town Center |
| 25:21 | Queue | Cavalry Archer |
| 25:21 | Queue | Cavalry Archer |
| 25:42 | Build | Palisade Gate |
| 25:48 | Queue | Villager (Male) |
Build order — The Long Dark
First 150 of 377 actions detected
| 0:02 | Queue | Villager (Male) |
| 0:02 | Queue | Villager (Male) |
| 0:03 | Build | House |
| 0:05 | Build | House |
| 0:09 | Queue | Villager (Male) |
| 0:09 | Queue | Villager (Male) |
| 0:09 | Queue | Villager (Male) |
| 1:25 | Queue | Villager (Male) |
| 1:26 | Queue | Villager (Male) |
| 1:45 | Build | Lumber Camp |
| 1:55 | Queue | Villager (Male) |
| 1:56 | Queue | Villager (Male) |
| 2:24 | Queue | Villager (Male) |
| 2:24 | Queue | Villager (Male) |
| 2:53 | Queue | Villager (Male) |
| 2:54 | Queue | Villager (Male) |
| 3:00 | Queue | Villager (Male) |
| 3:07 | Build | House |
| 3:35 | Queue | Villager (Male) |
| 3:36 | Queue | Villager (Male) |
| 4:05 | Queue | Villager (Male) |
| 4:19 | Build | Mill |
| 4:43 | Queue | Villager (Male) |
| 4:43 | Queue | Villager (Male) |
| 4:44 | Queue | Villager (Male) |
| 4:57 | Queue | Villager (Male) |
| 4:57 | Queue | Villager (Male) |
| 5:40 | Queue | Villager (Male) |
| 5:40 | Queue | Villager (Male) |
| 5:40 | Queue | Villager (Male) |
| 5:57 | Build | House |
| 6:41 | Research | Loom |
| 6:55 | Build | House |
| 7:52 | Queue | Villager (Male) |
| 8:02 | Research | Feudal Age |
| 8:23 | Build | Barracks |
| 8:53 | Build | House |
| 9:05 | Build | Palisade Wall |
| 9:22 | Build | House |
| 9:29 | Queue | Villager (Male) |
| 9:29 | Queue | Villager (Male) |
| 9:40 | Build | Palisade Wall |
| 10:02 | Build | Palisade Wall |
| 10:19 | Build | House |
| 10:27 | Age | Feudal Age |
| 10:30 | Build | Stable |
| 10:36 | Research | Double-Bit Axe |
| 10:44 | Build | Palisade Wall |
| 11:05 | Build | Palisade Wall |
| 11:15 | Queue | Villager (Male) |
| 11:17 | Queue | Scout Cavalry |
| 11:18 | Queue | Scout Cavalry |
| 11:30 | Build | Palisade Wall |
| 11:47 | Build | Blacksmith |
| 11:55 | Queue | Scout Cavalry |
| 11:57 | Queue | Villager (Male) |
| 11:57 | Queue | Villager (Male) |
| 12:02 | Research | Tech 1014 |
| 12:08 | Build | Pasture |
| 12:28 | Queue | Scout Cavalry |
| 12:38 | Queue | Villager (Male) |
| 12:46 | Build | Pasture |
| 13:14 | Queue | Villager (Male) |
| 13:17 | Build | Pasture |
| 13:31 | Research | Forging |
| 13:40 | Queue | Scout Cavalry |
| 13:55 | Build | Pasture |
| 13:57 | Queue | Villager (Male) |
| 14:07 | Build | Pasture |
| 14:27 | Queue | Villager (Male) |
| 14:27 | Queue | Villager (Male) |
| 14:36 | Build | Pasture |
| 14:42 | Build | Pasture |
| 14:49 | Queue | Scout Cavalry |
| 14:49 | Queue | Scout Cavalry |
| 15:04 | Build | Pasture |
| 15:08 | Queue | Villager (Male) |
| 15:13 | Queue | Scout Cavalry |
| 15:21 | Queue | Villager (Male) |
| 16:24 | Queue | Villager (Male) |
| 16:26 | Build | Mining Camp |
| 16:29 | Queue | Villager (Male) |
| 17:04 | Queue | Villager (Male) |
| 17:18 | Build | Archery Range |
| 17:41 | Queue | Villager (Male) |
| 17:43 | Queue | Scout Cavalry |
| 17:54 | Research | Gold Mining |
| 18:05 | Queue | Villager (Male) |
| 18:23 | Build | House |
| 18:24 | Build | House |
| 18:25 | Build | House |
| 18:26 | Research | Castle Age |
| 19:38 | Build | Archery Range |
| 20:01 | Research | Stone Mining |
| 20:17 | Build | House |
| 20:17 | Build | House |
| 20:18 | Build | House |
| 20:19 | Build | House |
| 20:21 | Build | House |
| 20:53 | Queue | Villager (Male) |
| 20:53 | Queue | Villager (Male) |
| 21:11 | Research | Fletching |
| 21:11 | Age | Castle Age |
| 21:11 | Research | Padded Archer Armor |
| 21:14 | Research | Bow Saw |
| 21:16 | Research | Tech 1013 |
| 21:23 | Queue | Cavalry Archer |
| 21:24 | Queue | Cavalry Archer |
| 21:58 | Research | Bodkin Arrow |
| 22:00 | Queue | Villager (Male) |
| 22:01 | Queue | Villager (Male) |
| 22:12 | Queue | Villager (Male) |
| 22:19 | Queue | Cavalry Archer |
| 22:19 | Queue | Cavalry Archer |
| 22:46 | Build | Town Center |
| 23:04 | Research | Heavy Cavalry Archer (upgrade) |
| 23:12 | Queue | Villager (Male) |
| 23:12 | Queue | Villager (Male) |
| 23:23 | Queue | Villager (Male) |
| 23:48 | Build | House |
| 23:49 | Build | House |
| 23:51 | Queue | Villager (Male) |
| 23:52 | Queue | Villager (Male) |
| 23:56 | Queue | Villager (Male) |
| 24:10 | Queue | Villager (Male) |
| 24:11 | Research | Wheelbarrow |
| 24:25 | Build | Pasture |
| 24:54 | Queue | Villager (Male) |
| 25:02 | Build | Monastery |
| 25:06 | Queue | Villager (Male) |
| 25:19 | Build | Pasture |
| 25:28 | Queue | Villager (Male) |
| 25:39 | Build | Pasture |
| 25:41 | Queue | Villager (Male) |
| 25:55 | Queue | Villager (Male) |
| 25:57 | Queue | Villager (Male) |
| 26:04 | Build | Pasture |
| 26:14 | Build | Pasture |
| 26:30 | Build | Pasture |
| 26:50 | Build | Pasture |
| 26:52 | Queue | Villager (Male) |
| 26:57 | Queue | Villager (Male) |
| 26:57 | Queue | Villager (Male) |
| 26:57 | Queue | Villager (Male) |
| 27:05 | Queue | Villager (Male) |
| 27:09 | Research | Husbandry |
| 27:09 | Research | Light Cavalry (upgrade) |
| 27:13 | Research | Thumb Ring |
| 27:49 | Queue | Villager (Male) |
| 27:52 | Build | Lumber Camp |
Match timeline
| 7:17 | pabloic16 · first_building Barracks |
| 8:23 | The Long Dark · first_building Barracks |
| 9:05 | The Long Dark · wall_segment Palisade Wall x5 |
| 9:12 | pabloic16 · wall_segment Palisade Wall x1 |
| 9:35 | pabloic16 · age_up feudal |
| 9:38 | pabloic16 · first_building Stable |
| 9:40 | The Long Dark · wall_segment Palisade Wall x4 |
| 10:02 | The Long Dark · wall_segment Palisade Wall x12 |
| 10:27 | The Long Dark · age_up feudal |
| 10:30 | The Long Dark · first_building Stable |
| 10:44 | The Long Dark · wall_segment Palisade Wall x5 |
| 11:05 | The Long Dark · wall_segment Palisade Wall x19 |
| 11:30 | The Long Dark · wall_segment Palisade Wall x6 |
| 15:13 | pabloic16 · wall_segment Palisade Wall x3 |
| 15:15 | pabloic16 · wall_segment Palisade Wall x1 |
| 17:06 | pabloic16 · first_building Archery Range |
| 17:18 | The Long Dark · first_building Archery Range |
| 21:11 | The Long Dark · age_up castle |
| 22:09 | pabloic16 · age_up castle |
| 25:02 | The Long Dark · first_building Monastery |
| 26:58 | pabloic16 · first_building Monastery |
| 29:23 | pabloic16 · first_building Siege Workshop |
| 31:34 | The Long Dark · first_building Castle |
| 33:18 | pabloic16 · first_building Castle |
| 34:44 | pabloic16 · first_market_buy 100 food |
| 36:18 | The Long Dark · wall_segment Stone Wall x1 |
| 36:29 | The Long Dark · age_up imperial |
| 36:49 | The Long Dark · wall_segment Stone Wall x6 |
| 37:56 | pabloic16 · age_up imperial |
| 38:12 | pabloic16 · first_market_sell 100 food |
| 50:10 | The Long Dark · first_building Siege Workshop |
| 52:22 | pabloic16 · resign |
[ AI ANALYSIS · 1 CREDIT ]
What really happened in this match?
Wolo.gg analyzes every decision: build order, eco, micro, common mistakes by bracket. Personalized analysis on WhatsApp or Discord in 30 seconds.
Civ guide
Mongols
Perfil
pabloic16